 Dungeon Crawl Stone Soup version 0.18.1-48-g4cf74bf (webtiles) character file.

0 glosham the Skirmisher (level 1, -10/24 HPs)
             Began as an Ogre Abyssal Knight on July 27, 2016.
             Was a Follower of Lugonu.
             Mangled by a thrashing horror (17 damage)
             ... on level 2 of the Abyss.
             The game lasted 00:01:39 (107 turns).

glosham the Skirmisher (Ogre Abyssal Knight)         Turns: 107, Time: 00:01:39

Health: -10/24     AC:  3    Str: 16    XL:     1   Next: 0%
Magic:  2/2        EV: 10    Int: 11    God:    Lugonu [*.....]
Gold:   0          SH:  0    Dex:  9    Spells: 0 memorised, 0 levels left

rFire  . . .     SeeInvis .     a - +1 mace
rCold  . . .     Gourm    .     b - +0 robe
rNeg   . . .     Faith    .     (no shield)
rPois  .         Spirit   .     (helmet restricted)
rElec  .         Dismiss  .     (no cloak)
rCorr  .         Reflect  .     (gloves unavailable)
SustAt .         Harm     .     (boots unavailable)
MR     .....                    (no amulet)
Stlth  +.........               (no ring)
                                (no ring)

@: not resistant to hostile enchantments, very unstealthy
A: unfitting armour, tough skin 1
a: Depart the Abyss, Renounce Religion


You were on level 2 of the Abyss.
You worshipped Lugonu.
Lugonu was aware of your devotion.
You were not hungry.

You visited 0 branches of the dungeon, and saw 0 of its levels.
You visited the Abyss 1 time.

Inventory:

Hand Weapons
 a - a +1 mace (weapon)
Armour
 b - a +0 robe (worn)
Wands
 d - a wand of lightning (6/15)
Comestibles
 c - a bread ration


   Skills:
 - Level 4.0 Fighting
 + Level 2.6 Maces & Flails
 - Level 2.1 Dodging
 - Level 2.0 Invocations


You couldn't memorise any spells.
You didn't know any spells.

Dungeon Overview and Level Annotations

Branches:
Dungeon (0/15)

Altars:


Innate Abilities, Weirdness & Mutations

You are too large for most types of armour.
You have tough skin (AC +1).


Message History

Will you prevail where others failed? Will you find the Orb of Zot?
Lugonu says: Depart the Abyss and spread corruption, my servant! (use the ability menu to exit the Abyss) Press ? for a list of commands and other information.
Found a corrupted altar of Lugonu. 2 spatial vortices come into view.
The spatial vortex moves out of view. x2
Found a gateway leading deeper into the Abyss.
A jelly comes into view.
The jelly moves out of view.
There is a gateway leading deeper into the Abyss here.
You plunge deeper into the Abyss.
Found a corrupted altar of Lugonu.
Found 44 sling bullets.
You see here 17 sling bullets.
A small abomination comes into view.
A large abomination comes into view.
Found a copper wand.
A lurking horror comes into view.
The lurking horror moves out of view.
You see here a copper wand.
d - a wand of lightning The small abomination hits you!
The ynoxinul gestures.
The lurking horror explodes!
Your body is wracked with pain!
The small abomination closely misses you.
The ynoxinul gestures.
The small abomination barely misses you.
A thrashing horror comes into view.
The thrashing horror roars!
Unknown command.
The thrashing horror tramples you.
You hold your ground!
The thrashing horror closely misses you.
The thrashing horror roars!
You hear a shout!
The thrashing horror tramples you but does no damage.
The thrashing horror closely misses you.
The thrashing horror roars!
The thrashing horror tramples you!
Ouch! That really hurt!
You die...

.. .###
....## ..#
#..#.## ....
##.....#
#..##......#
#...##....#
#...#.X@.#
#...#..#
#.5x#.## ..
#..5##.
#..###...#.#
#...#5.#.#
#### #.##...#
#
...####.#.#.#
. ...
..55#.#.#


You could see a thrashing horror, a small abomination and 3 ufetubi.

Vanquished Creatures (others)
  A lurking horror (Abyss:2)
1 creature vanquished.

Notes
Turn   | Place    | Note
--------------------------------------------------------------
     0 | Abyss:1  | glosham the Ogre Abyssal Knight began the quest for the Orb.
     0 | Abyss:1  | Reached XP level 1. HP: 24/24 MP: 2/2
    47 | Abyss:1  | Noticed a spatial vortex
    47 | Abyss:1  | Noticed a spatial vortex
    53 | Abyss:1  | Noticed a jelly
    57 | Abyss:2  | Found a corrupted altar of Lugonu.
    69 | Abyss:2  | Noticed a small abomination
    76 | Abyss:2  | Noticed a ynoxinul
    78 | Abyss:2  | Noticed a large abomination
   104 | Abyss:2  | Noticed a thrashing horror
   107 | Abyss:2  | Mangled by a thrashing horror

Action                   || total
-------------------------++-------
Armor: Robe              ||     1
Dodge: Dodged            ||     4

Table legend:
 A = Turns spent in this place as a percentage of turns spent in the entire game.
 B = Non-inter-level travel turns spent in this place as a percentage of non-inter-level travel turns spent in the entire game.
 C = Inter-level travel turns spent in this place as a percentage of turns spent in this place.
 D = Turns resting spent in this place as a percentage of non-inter-level travel turns spent in this place.
 E = Turns spent auto-exploring this place as a percentage of non-inter-level travel turns spent in this place.
 F = Non-inter-level travel turns spent in this place divided by the number of levels of this place that you've seen.
                   A       B       C       D       E      F
               +-------+-------+-------+-------+-------+----------------------
         Total | 100.0 | 100.0 |   0.0 |   0.0 |   0.0 |  54.0
         Abyss | 100.0 | 100.0 |   0.0 |   0.0 |   0.0 |  54.0
               +-------+-------+-------+-------+-------+----------------------

Vault maps used:
